Map: Deathaura LE

Players

Zest - Winner!

  • Race: Protoss Protoss
  • Spawn Location: 11:00

LiquidMaNa (MaNa)

  • Race: Protoss Protoss
  • League: Master
  • Spawn Location: 5:00

Event: War Chest Team League

VOD

Have the link to the VOD?

Description

Time

  • Played on: Aug. 14, 2020, 8:03 a.m.
  • Length: 23:09
Show
View Real Time Build Order
Export as new Build Order

Zest Protoss - Winner!

Build Orders: Oracle Opening, Blink Stalkers, Zealot Archon 

Get SALT Encoding   

  12  0:00  Probe  
  13  0:12  Probe  
  14  0:17  Pylon  
  14  0:25  Probe (Chrono Boost)  
  15  0:36  Gateway  
  15  0:37  Probe (Chrono Boost)  
  16  0:43  Probe (Chrono Boost)  
  16  0:45  Assimilator  
  17  0:51  Probe  
  17  0:54  Assimilator  
  18  1:03  Probe (Chrono Boost)  
  19  1:07  Gateway  
  19  1:13  Probe (Chrono Boost)  
  19  1:17  Probe (Chrono Boost)  
  20  1:23  Cybernetics Core  
  21  1:29  Probe  
  22  1:36  Pylon  
  22  1:41  Probe  
  24  1:54  Probe  
  24  1:59  Stargate  
  24  2:01  Warp Gate  
  24  2:06  Stalker  
  26  2:14  Stalker  
  28  2:40  Oracle (Chrono Boost)  
  31  2:49  Nexus  
  31  2:56  Pylon  
  31  3:06  Twilight Council  
  31  3:14  Shield Battery  
  31  3:17  Probe  
  32  3:29  Probe  
  32  3:32  Pylon  
  33  3:40  Blink (Chrono Boost)  
  33  3:41  Probe (Chrono Boost)  
  34  3:50  Sentry  
  34  3:53  Probe (Chrono Boost)  
  37  3:56  Gateway  
  37  4:02  Probe (Chrono Boost)  
  39  4:04  Probe (Chrono Boost)  
  39  4:05  Phoenix  
  40  4:11  Probe (Chrono Boost)  
  40  4:12  Probe (Chrono Boost)  
  40  4:16  Probe (Chrono Boost)  
  41  4:20  Probe  
  41  4:23  Stalker  
  41  4:24  Stalker  
  47  4:30  Pylon  
  47  4:31  Probe (Chrono Boost)  
  49  4:42  Probe (Chrono Boost)  
  49  4:43  Probe (Chrono Boost)  
  50  4:48  Probe (Chrono Boost)  
  50  4:49  Sentry x2, Probe (Chrono Boost)  
  56  4:53  Gateway  
  56  4:57  Probe  
  57  5:00  Probe  
  57  5:05  Nexus  
  58  5:09  Pylon  
  58  5:12  Assimilator  
  58  5:20  Stalker x2  
  62  5:23  Stalker  
  62  5:30  Probe (Chrono Boost)  
  62  5:34  Probe (Chrono Boost)  
  65  5:43  Probe (Chrono Boost)  
  65  5:44  Stalker x2  
  65  5:47  Pylon, Probe (Chrono Boost)  
  70  5:50  Pylon  
  70  5:54  Forge  
  70  6:05  Probe x2  
  70  6:09  Stalker x3  
  78  6:17  Charge (Chrono Boost)  
  78  6:18  Probe x2 (Chrono Boost)  
  81  6:21  Protoss Ground Weapons Level 1  
  81  6:23  Probe (Chrono Boost)  
  81  6:27  Probe x2 (Chrono Boost)  
  81  6:31  Probe (Chrono Boost)  
  81  6:32  Probe x2 (Chrono Boost)  
  84  6:38  Robotics Facility  
  86  6:42  Probe  
  86  6:44  Probe x2  
  90  6:54  Probe  
  90  6:56  Probe x2  
  90  7:00  Pylon  
  92  7:01  Assimilator  
  92  7:03  Assimilator  
  92  7:04  Gateway x2  
  92  7:05  Gateway  
  92  7:06  Probe  
  92  7:07  Gateway x2  
  94  7:08  Probe x2  
  94  7:11  Templar Archives  
  94  7:15  Gateway  
  95  7:16  Gateway  
  95  7:18  Probe  
  95  7:20  Probe  
  95  7:21  Probe  
  98  7:22  Warp Prism (Chrono Boost)  
  98  7:28  Pylon  
  100  7:35  Pylon  
  100  7:48  High Templar x2, Zealot  
  106  7:52  Archon  
  106  7:58  Pylon  
  106  8:01  High Templar x2, Zealot x3  
  106  8:04  Photon Cannon  
  106  8:05  Archon  
  116  8:08  Warp Prism  
  116  8:11  Pylon, Zealot x2  
  116  8:12  Pylon, Zealot  
  124  8:16  Pylon  
  124  8:27  Zealot x4  
  124  8:30  Zealot  
  124  8:32  High Templar x2  
  124  8:33  Zealot  
  140  8:35  Zealot x2  
  140  8:37  Archon  
  140  8:47  Zealot x3  
  140  8:48  Zealot  
  146  8:52  Zealot  
  139  9:03  Zealot x3  
  141  9:12  Protoss Ground Weapons Level 2 (Chrono Boost)  
  141  9:13  Zealot x3  
  141  9:15  Zealot x4  
  121  9:25  Stalker x3  
  121  9:29  Nexus  
  103  9:36  Zealot  
  103  9:37  Zealot x6  
  105  9:44  Immortal (Chrono Boost)  
  91  10:08  Robotics Facility  
  91  10:09  Robotics Bay, High Templar  
  91  10:10  High Templar x3, Zealot x4  
  91  10:11  Zealot x2  
  111  10:16  Assimilator, Observer (Chrono Boost)  
  111  10:17  Archon  
  111  10:18  Archon  
  112  10:33  Zealot x4  
  118  10:42  Photon Cannon  
  118  10:45  Shield Battery  
  118  10:46  Pylon  
  118  10:50  High Templar x2  
  118  10:51  Zealot x4  
  118  10:56  Archon  
  130  11:05  Stalker x3  
  130  11:06  Stalker  
  130  11:07  Disruptor x2 (Chrono Boost)  
  144  11:15  Photon Cannon  
  144  11:16  Probe x2  
  144  11:17  Probe x2  
  148  11:18  Photon Cannon  
  148  11:23  Protoss Ground Weapons Level 3 (Chrono Boost)  
  148  11:25  Disruptor x2  
  148  11:33  Pylon  
  148  11:34  Probe x4  
  158  11:45  Dark Shrine  
  158  11:46  Probe x4  
  162  11:59  Warp Prism (Chrono Boost), Disruptor (Chrono Boost)  
  162  12:01  Pylon  
  162  12:02  Pylon  
  162  12:04  Pylon  
  167  12:10  Assimilator  
  167  12:12  Assimilator  
  167  12:13  Pylon  
  167  12:16  High Templar x2  
  169  12:23  Archon  
  169  12:25  Zealot x8  
  169  12:27  Gravitic Boosters  
  188  12:35  Disruptor (Chrono Boost)  
  188  12:36  Observer (Chrono Boost)  
  189  12:47  Zealot x5  
  186  13:16  Zealot x3  
  186  13:17  Zealot  
  183  13:23  Observer  
  183  13:24  Gravitic Drive  
  151  13:47  Disruptor x2  
  153  13:48  Nexus  
  153  13:49  Observer  
  153  13:51  Pylon, Observer  
  153  13:52  Pylon  
  153  13:53  Pylon  
  153  13:54  Pylon  
  153  13:58  Observer  
  153  13:59  Pylon  
  153  14:05  Zealot x10  
  171  14:24  Observer (Chrono Boost)  
  173  14:31  Observer (Chrono Boost)  
  162  14:46  Photon Cannon x2, Protoss Shields Level 1  
  162  14:48  Shield Battery  
  162  14:51  High Templar x2  
  162  14:52  Immortal (Chrono Boost), High Templar x3  
  172  14:53  High Templar, Zealot x4  
  190  15:02  Immortal (Chrono Boost), Probe  
  190  15:03  Probe x2, Archon  
  190  15:04  Archon  
  190  15:05  Archon  
  177  15:21  Zealot x3  
  177  15:22  Zealot  
  177  15:24  Disruptor  
  186  15:34  Disruptor  
  157  15:37  Dark Templar x6  
  137  15:56  Zealot x4  
  141  15:59  Observer  
  141  16:00  Immortal  
  119  16:16  Observer  
  119  16:31  Stalker x5, Disruptor (Chrono Boost)  
  129  16:36  Disruptor (Chrono Boost)  
  135  16:43  Assimilator  
  135  16:46  Stalker x5  
  145  16:54  Archon x2  
  145  17:06  Observer  
  141  17:09  Observer  
  139  17:24  Stalker x6  
  151  17:49  Protoss Shields Level 2 (Chrono Boost)  
  151  17:57  Zealot  
  151  17:58  Dark Templar, Zealot x4  
  160  17:59  Dark Templar x4  
  160  18:01  Observer (Chrono Boost)  
  160  18:04  Observer (Chrono Boost)  
  168  18:22  Shadow Stride (Chrono Boost)  
  168  18:28  Zealot x5  
  177  18:43  Pylon  
  177  18:45  Nexus  
  177  19:10  Zealot x3  
  177  19:11  Zealot x7  
  134  19:59  Dark Templar x2  
  130  20:00  Dark Templar x8  
  130  20:02  Probe x3, Observer  
  130  20:03  Probe  
  130  20:05  Observer x2 (Chrono Boost)  
  152  20:10  Photon Cannon  
  152  20:12  Photon Cannon  
  152  20:22  Assimilator  
  152  20:26  Assimilator  
  151  20:32  Observer (Chrono Boost)  
  151  20:33  Observer (Chrono Boost)  
  153  20:37  Shield Battery  
  153  20:41  Pylon  
  137  20:55  Stalker x6  
  137  20:56  Stalker x2  
  144  21:08  Archon x4  
  144  21:09  Archon  
  143  21:11  Photon Cannon  
  143  21:12  Photon Cannon  
  143  21:13  Photon Cannon  
  143  21:26  Dark Templar x4, Observer  
  143  21:31  Dark Templar  
  153  21:35  Dark Templar  
  155  21:46  Observer  
  150  21:53  Nexus  
  150  22:15  Zealot x4  
  151  22:16  Zealot x4  
  161  22:38  Zealot x7  
  105  23:04  Stalker x5  
Show
View Real Time Build Order
Export as new Build Order

LiquidMaNa Protoss 

Build Orders: Phoenix Opening 

Get SALT Encoding   

  12  0:00  Probe  
  13  0:12  Probe  
  14  0:18  Pylon  
  14  0:24  Probe (Chrono Boost)  
  15  0:37  Probe (Chrono Boost)  
  15  0:39  Gateway  
  16  0:45  Probe (Chrono Boost)  
  16  0:46  Assimilator  
  17  0:51  Probe  
  18  1:03  Probe (Chrono Boost)  
  19  1:04  Assimilator  
  19  1:08  Gateway  
  19  1:12  Probe (Chrono Boost)  
  19  1:17  Probe (Chrono Boost)  
  21  1:27  Cybernetics Core  
  21  1:29  Probe  
  22  1:36  Pylon  
  22  1:41  Probe  
  24  1:54  Probe  
  24  2:03  Stalker x2  
  24  2:04  Warp Gate  
  24  2:06  Probe  
  29  2:15  Pylon  
  29  2:22  Probe  
  30  2:33  Stalker  
  30  2:34  Sentry  
  34  2:51  Nexus  
  34  3:02  Shield Battery  
  34  3:05  Stalker  
  36  3:09  Probe  
  36  3:12  Sentry  
  38  3:21  Probe (Chrono Boost), Phoenix  
  38  3:27  Pylon  
  38  3:31  Probe (Chrono Boost)  
  39  3:38  Twilight Council  
  39  3:45  Probe (Chrono Boost)  
  40  3:53  Stalker  
  42  3:58  Probe (Chrono Boost)  
  43  4:05  Probe (Chrono Boost)  
  43  4:06  Probe (Chrono Boost)  
  43  4:07  Forge  
  45  4:13  Probe (Chrono Boost)  
  45  4:15  Probe (Chrono Boost)  
  45  4:16  Blink (Chrono Boost)  
  44  4:18  Probe (Chrono Boost)  
  45  4:28  Probe (Chrono Boost)  
  45  4:30  Probe (Chrono Boost)  
  47  4:37  Adept x2, Probe (Chrono Boost)  
  53  4:39  Probe (Chrono Boost)  
  53  4:42  Pylon  
  53  4:44  Probe  
  54  4:48  Probe  
  54  4:49  Protoss Ground Weapons Level 1 (Chrono Boost)  
  55  4:56  Probe  
  56  5:00  Probe  
  56  5:01  Robotics Facility  
  56  5:05  Stalker  
  59  5:08  Probe  
  59  5:11  Stalker  
  59  5:13  Probe  
  63  5:20  Probe  
  64  5:25  Probe  
  65  5:35  Stalker x2  
  65  5:39  Gateway, Probe x2  
  65  5:40  Phoenix  
  65  5:42  Gateway  
  67  5:48  Observer  
  68  5:51  Pylon  
  68  5:55  Nexus  
  68  5:57  Assimilator  
  67  6:08  Probe  
  67  6:10  Stalker x2  
  67  6:11  Immortal (Chrono Boost)  
  76  6:21  Shield Battery  
  76  6:24  Probe x2  
  78  6:38  Pylon  
  78  6:43  Shield Battery, Observer  
  78  6:45  Pylon  
  78  6:53  Immortal (Chrono Boost)  
  78  6:56  Pylon, Probe x2  
  78  6:57  Protoss Ground Weapons Level 2 (Chrono Boost)  
  84  7:06  Stalker x2  
  84  7:07  Stalker  
  90  7:08  Probe (Chrono Boost)  
  90  7:14  Probe (Chrono Boost)  
  90  7:15  Gateway, Probe (Chrono Boost)  
  93  7:16  Gateway  
  93  7:18  Probe (Chrono Boost)  
  93  7:22  Probe x2 (Chrono Boost)  
  96  7:23  Immortal (Chrono Boost), Probe (Chrono Boost)  
  101  7:32  Probe  
  101  7:33  Probe  
  101  7:35  Probe  
  101  7:36  Assimilator  
  104  7:37  Assimilator  
  104  7:45  Probe x2  
  105  7:54  Warp Prism  
  107  8:00  Probe x2, Robotics Bay  
  107  8:01  Robotics Facility  
  107  8:02  Photon Cannon  
  109  8:13  Stalker x4  
  109  8:17  Pylon x2  
  117  8:23  Shield Battery  
  117  8:28  Pylon  
  117  8:31  Pylon  
  117  8:36  Pylon  
  117  8:47  Stalker x6  
  129  8:51  Colossus  
  128  9:08  Probe  
  117  9:17  Stalker x6  
  120  9:28  Colossus (Chrono Boost)  
  120  9:30  Probe x3  
  108  9:41  Stalker x4  
  112  9:50  Stalker  
  104  9:58  Colossus (Chrono Boost)  
  99  10:04  Assimilator, Zealot x4  
  113  10:11  Pylon  
  113  10:20  Immortal (Chrono Boost)  
  113  10:25  Assimilator  
  117  10:45  Disruptor  
  120  10:51  Disruptor  
  120  10:52  Sentry, Photon Cannon, Nexus  
  125  10:59  Probe x2  
  125  11:02  Probe  
  127  11:04  Protoss Ground Weapons Level 3 (Chrono Boost)  
  127  11:11  Probe  
  128  11:15  Pylon  
  128  11:21  Observer  
  128  11:22  Pylon  
  129  11:27  Disruptor (Chrono Boost)  
  129  11:32  Probe x3  
  135  11:34  Gravitic Drive  
  135  11:38  Charge  
  135  11:39  Disruptor (Chrono Boost)  
  135  11:41  Photon Cannon  
  135  11:42  Shield Battery  
  135  11:44  Probe x3  
  141  11:56  Probe x2  
  141  11:57  Shield Battery  
  141  11:58  Assimilator, Photon Cannon  
  141  12:00  Assimilator, Disruptor (Chrono Boost)  
  146  12:06  Disruptor (Chrono Boost)  
  149  12:15  Stalker x4  
  157  12:25  Stalker x2  
  157  12:28  Dark Shrine  
  157  12:29  Observer  
  162  12:42  Stalker x3  
  162  12:43  Stalker  
  166  12:58  Disruptor  
  166  12:59  Disruptor  
  166  13:15  Stalker x3  
  166  13:16  Stalker x3  
  160  13:27  Probe x2  
  153  13:48  Pylon, Observer  
  151  13:49  Stalker  
  151  13:50  Pylon  
  153  13:58  Gravitic Boosters  
  153  14:02  Protoss Shields Level 1, Nexus  
  153  14:13  Observer x2  
  155  14:18  Zealot x3  
  155  14:21  Probe x3  
  164  14:38  Observer (Chrono Boost)  
  159  14:44  Dark Templar x3, Disruptor (Chrono Boost)  
  160  14:54  Probe x2  
  160  14:55  Probe  
  160  14:59  Observer (Chrono Boost)  
  164  15:02  Stalker x2  
  167  15:20  Stalker x2  
  167  15:21  Stalker  
  159  15:40  Stalker x3  
  125  16:09  Disruptor x2 (Chrono Boost)  
  108  16:17  Probe x2 (Chrono Boost)  
  108  16:18  Probe (Chrono Boost)  
  104  16:23  Stalker x6, Probe (Chrono Boost)  
  116  16:27  Probe x2 (Chrono Boost)  
  116  16:30  Probe (Chrono Boost)  
  116  16:31  Pylon  
  116  16:32  Probe (Chrono Boost)  
  119  16:42  Probe x2, Disruptor x2 (Chrono Boost)  
  127  16:49  Dark Templar  
  127  16:50  Shield Battery  
  127  16:53  Archon  
  129  17:10  Stalker x3, Disruptor (Chrono Boost)  
  129  17:11  Observer (Chrono Boost)  
  129  17:12  Dark Templar  
  141  17:16  Dark Templar  
  142  17:26  Protoss Shields Level 2 (Chrono Boost)  
  142  17:29  Disruptor (Chrono Boost)  
  143  17:39  Disruptor (Chrono Boost)  
  143  17:41  Zealot x3  
  143  17:42  Zealot  
  153  17:57  Disruptor  
  156  17:58  Nexus  
  156  18:01  Pylon  
  156  18:02  Zealot  
  158  18:06  Photon Cannon  
  158  18:12  Stalker, Photon Cannon, Observer  
  155  18:13  Stalker  
  156  18:24  Stalker x3  
  162  18:34  Observer (Chrono Boost)  
  163  18:39  Observer (Chrono Boost)  
  162  18:54  Observer (Chrono Boost)  
  163  18:57  Nexus  
  163  18:58  Pylon, Observer (Chrono Boost)  
  163  18:59  Dark Templar x4  
  172  19:08  Zealot x2  
  167  19:35  Zealot x3  
  146  19:47  Stalker x3  
  146  20:05  Stalker x3  
  152  20:10  Nexus  
  152  20:30  Nexus  
  150  20:52  Disruptor x2  
  131  21:06  Observer  
  131  21:07  Stalker x4  
  131  21:08  Stalker  
  138  21:27  Disruptor  
  138  21:28  Observer  
  142  21:33  Probe  
  142  21:34  Probe  
  144  21:40  Templar Archives  
  142  21:55  Stalker x3  
  140  22:03  Dark Templar x3  
  145  22:39  Stalker x2  
  145  22:40  Stalker x4  
Tags
 
Add a new tag
Caveats
  • Supply blocks, unpowered buildings, or Contaminate may cause inaccurate times.
  • Supply counts are checked every 10 seconds.